 Dungeon Crawl Stone Soup version 0.28-a0-1143-gcf6077d4cc (webtiles) character file.

Game seed: 4124344056879236142

28 flotson the Ducker (level 2, 0/23 HPs)
             Began as a Demonspawn Gladiator on Dec 14, 2021.
             Succumbed to an adder's poison
             ... on level 2 of the Dungeon.
             The game lasted 00:01:11 (1007 turns).

flotson the Ducker (Demonspawn Gladiator)           Turns: 1007, Time: 00:01:11

Health: 0/23       AC:  6    Str: 14    XL:     2   Next: 96%
Magic:  2/2        EV: 11    Int:  9    God:
Gold:   95         SH:  4    Dex: 14    Spells: 1/1 levels left

rFire   . . .      SeeInvis .   a - +0 war axe
rCold   . . .      Faith    .   (no shield)
rNeg    . . .      Spirit   .   i - +0 ring mail
rPois   .          Reflect  .   c - +0 helmet
rElec   .          Harm     .   (no cloak)
rCorr   .          Rampage  .   (no gloves)
Will    .....                   (no boots)
Stlth   +.........              (no amulet)
HPRegen 0.07/turn               (no ring)
MPRegen 0.08/turn               (no ring)

@: lethally poisoned (0 -> -7)
A: condensation shield
a: no special abilities


You were on level 2 of the Dungeon.
You visited 1 branch of the dungeon, and saw 2 of its levels.

You collected 95 gold pieces.

Inventory:

Hand Weapons
 a - a +0 war axe (weapon)
Missiles
 d - 3 throwing nets (quivered)
Armour
 c - a +0 helmet (worn)
 i - a +0 ring mail (worn)
Scrolls
 b - a scroll of immolation {unknown}
 e - 2 scrolls of identify {unknown}
 g - a scroll of teleportation {unknown}
 j - a scroll of enchant armour {unknown}
Potions
 f - a potion of brilliance {unknown}
 h - a potion of degeneration {unknown}


   Skills:
 + Level 2.4 Fighting
 - Level 2.6 Axes
 + Level 2.1 Throwing
 + Level 1.0 Armour
 + Level 3.0 Dodging


You had one spell level left.
You didn't know any spells.
Your spell library was empty.

Dungeon Overview and Level Annotations

Branches:
Dungeon (2/15)

Altars:


Innate Abilities, Weirdness & Mutations

A meltable shield of frost defends you. (SH +4)


Message History

The adder hisses angrily.
The adder bites you but does no damage.
You miss the adder. The adder bites you. The adder misses you.
You miss the adder. The adder bites you but does no damage.
The adder bites you.
You are poisoned.
The adder poisons you!
You miss the adder.
You feel sick. The adder barely misses you. The adder bites you.
You are more poisoned.
The adder poisons you!
You miss the adder.
You feel very sick. The adder closely misses you.
You are too injured to fight recklessly!
You are too injured to fight recklessly!
You are too injured to fight recklessly!
You are too injured to fight recklessly!
You are too injured to fight recklessly!
You are too injured to fight recklessly!
You are too injured to fight recklessly!
You barely miss the adder.
You feel sick. The adder bites you but does no damage.
The adder closely misses you.
You slash the adder!
The adder is almost dead.
You feel sick. The adder closely misses you. The adder bites you.
* * * LOW HITPOINT WARNING * * *
Your ring mail prevents you from hitting the adder.
The adder is almost dead.
You feel sick. The adder bites you but does no damage.
The adder closely misses you.
You hit the adder but do no damage.
The adder is almost dead.
You feel sick. The adder bites you.
* * * LOW HITPOINT WARNING * * *
You are lethally poisoned!
The adder poisons you!
You closely miss the adder.
The adder is almost dead.
You die...

....<.........###.#
...†..........#...#
.....†........#..#
.....[...........#
...............#.#
##.##.........#..###
#. #...$...#......#
#.
#.###..##......#.##.
#. #.#
#.###...@S......
#.....# #......#####
#..### #......#
#......# #......#
<......# ...###.##
....# .. .... ..


You could see an adder.

Vanquished Creatures
  A dart slug (D:1)
  A ball python (D:1)
  5 bats
  2 endoplasms (D:1)
  A giant cockroach (D:1)
  A goblin (D:1)
  A hobgoblin (D:1)
  4 quokkas (D:1)
  3 frilled lizards
  A kobold (D:1)
  5 rats
25 creatures vanquished.

Notes
Turn   | Place    | Note
-------+----------+-------------------------------------------
     0 | D:1      | flotson the Demonspawn Gladiator began the quest for the
                  | Orb.
     0 | D:1      | Reached XP level 1. HP: 16/16 MP: 1/1
    56 | D:1      | Found a faded altar of an unknown god.
   274 | D:1      | Gained mutation: A meltable shield of frost defends you.
                  | (SH +4) [demonic ancestry]
   274 | D:1      | Reached XP level 2. HP: 22/22 MP: 2/2
   680 | D:1      | Reached skill level 3 in Dodging
   855 | D:1      | Reached skill level 1 in Armour
  1007 | D:2      | Succumbed to an adder's poison

Illustrated notes

Levels and vault maps discovered:
D:1:      minmay_arrival_plants_in_alcoves, layout_loops_cross,
          hellmonk_ecumenical_altar_arch_garden, hangedman_decor_growths
D:2:      layout_rooms, serial_corexii_hall, chequers_hall_statues_wall_a,
          corexii_hall_statues_l

Skill      XL: |  1  2 |
---------------+-------+-----
Throwing       | 2 |  2.1
Dodging        | 3 |  3.0
Armour         | 1 |  1.0
Fighting       | |  2.4
Axes           | |  2.6

Action                   || total
-------------------------++-------
Melee: War axe           ||    71
 Stab: Sleeping          ||     1
Armor: Leather armour    ||    15
       Ring mail         ||     4
Dodge: Dodged            ||    52
Block: Other             ||     7

Table legend: (Time is in decaauts)
 A = Elapsed time spent in this place.
 B = Non-inter-level travel time spent in this place.
 C = Inter-level travel time spent in this place.
 D = Time resting spent in this place.
 E = Time spent auto-exploring this place.
 F = Levels seen in this place.
 G = Mean time per level.
                   A        B        C        D        E       F      G
               +--------+--------+--------+--------+--------+-----+--------+
         Total |   1032 |   1004 |     28 |      0 |    825 |   2 |  516.0 |
       Dungeon |   1032 |   1004 |     28 |      0 |    825 |   2 |  516.0 |
               +--------+--------+--------+--------+--------+-----+--------+

Top non-repeatable levels by time:
     D:1: 953 daAuts
     D:2: 78 daAuts
